 Dungeon Crawl Stone Soup version 0.19-a0-1008-g4c63d25 (webtiles) character file.

253 Arkorax the Ruffian (level 5, -4/45 HPs)
             Began as a Minotaur Wanderer on July 23, 2016.
             Slain by Robin
             ... wielding a +1 short sword of electrocution
              (18 damage)
             ... on level 4 of the Dungeon.
             The game lasted 00:03:06 (2622 turns).

Arkorax the Ruffian (Minotaur Wanderer)             Turns: 2622, Time: 00:03:06

Health: -4/45      AC:  6    Str: 16    XL:     5   Next: 90%
Magic:  4/4        EV: 11    Int: 10    God:
Gold:   120        SH:  0    Dex: 10    Spells: 0 memorised, 4 levels left

rFire  . . .     SeeInvis .       - Unarmed
rCold  . . .     Gourm    .     y - +0 leather armour
rNeg   . . .     Faith    .     (no shield)
rPois  .         Spirit   .     (helmet restricted)
rElec  .         Dismiss  .     z - +0 cloak
rCorr  .         Reflect  .     (no gloves)
SustAt .         Harm     .     h - +1 pair of boots
MR     .....                    w - amulet of rage
Stlth  +.........               (no ring)
                                (no ring)

@: not resistant to hostile enchantments, very unstealthy
A: retaliatory headbutt, horns 2
a: Evoke Berserk Rage


You were on level 4 of the Dungeon.
You were not hungry.

You visited 1 branch of the dungeon, and saw 4 of its levels.

You collected 120 gold pieces.

Inventory:

Hand Weapons
 e - a +0 club
Missiles
 n - 4 javelins (quivered)
Armour
 h - a +1 pair of boots (worn)
 y - a +0 leather armour (worn)
 z - a +0 cloak (worn)
Jewellery
 w - an amulet of rage (around neck)
Scrolls
 j - 3 scrolls of identify {unknown}
 l - a scroll of magic mapping {unknown}
 m - a scroll of noise {unknown}
 o - a scroll of recharging {unknown}
 q - 2 scrolls of remove curse {unknown}
Potions
 a - 2 potions of berserk rage
 b - a potion of haste
 c - a potion of curing
 i - a potion of invisibility
 k - a potion of lignification {unknown}
 p - 2 potions of degeneration {unknown}
 r - 2 potions of might {unknown}
 s - a potion of cure mutation {unknown}
 t - 2 potions of heal wounds {unknown}
 u - 2 potions of brilliance {unknown}
 v - a potion of ambrosia {unknown}
 x - a potion of cancellation {unknown}
Comestibles
 f - 3 bread rations
 g - 2 meat rations
 A - 2 chunks of flesh


   Skills:
 + Level 3.4 Fighting
   Level 1.1 Bows
 + Level 3.7 Armour
 - Level 1.0 Stealth
   Level 1.2 Shields
 * Level 7.2 Unarmed Combat


You had 4 spell levels left.
You didn't know any spells.

Dungeon Overview and Level Annotations

Branches:
Dungeon (4/15)
 Temple: D:4-7

Altars:
Hepliaklqana
Okawaru
Qazlal

Annotations:
D:4 Robin


Innate Abilities, Weirdness & Mutations

You reflexively headbutt those who attack you in melee.
You have a pair of horns on your head.


Message History

You kill the hobgoblin!
Something hits you but does no damage.
Unknown command.
No target in view!
No target in view!
Unknown command.
Unknown command.
No target in view!
No target in view!
You barely miss something. Something hits you.
You are electrocuted!
* * * LOW HITPOINT WARNING * * *
You closely miss something. Your headbutt misses something.
Something hits you but does no damage.
You barely miss something. You hit something but do no damage.
You headbutt something. Something hits you.
* * * LOW HITPOINT WARNING * * *
Press: ? - help, v - describe, . - travel The floor.
You feel better. Something hits you but does no damage.
You are electrocuted!
You die...

#... #.#
#..####.#
....
#.......#
...#
##.####.#
...#
#.######
...###
#......#
.....
######.#
... #.#
###.# #.#
#{@)# #.#
#.###
#.#####)#
#.....#†#
#####.#.#
#...#
#####


There were no monsters in sight!

Vanquished Creatures
  An orc priest (D:3)
  Crazy Yiuf (D:3)
  Jessica (D:3)
  A worker ant (D:3)
  3 adders (D:3)
  An ooze (D:3)
  4 worms
  A dart slug (D:1)
  5 giant geckos
  4 orcs (D:3)
  A ball python (D:1)
  2 giant cockroaches
  20 goblins
  11 hobgoblins
  4 jackals (D:3)
  9 bats
  4 giant newts
  8 kobolds
  7 rats
88 creatures vanquished.

Notes
Turn   | Place    | Note
-------+----------+-------------------------------------------
     0 | D:1      | Arkorax the Minotaur Wanderer began the quest for the Orb.
     0 | D:1      | Arkorax set off with: a potion of berserk rage, a potion of haste, 2 potions of curing, a +0 robe, a +0 club, a bread ration
     0 | D:1      | Reached XP level 1. HP: 16/16 MP: 0/0
   142 | D:1      | Reached XP level 2. HP: 21/23 MP: 1/1
   468 | D:2      | Found a stormy altar of Qazlal.
   473 | D:2      | Reached skill level 6 in Unarmed Combat
   625 | D:2      | Reached XP level 3. HP: 20/29 MP: 2/2
   628 | D:2      | Found an iron altar of Okawaru.
  1082 | D:3      | Reached XP level 4. HP: 19/36 MP: 3/3
  1758 | D:3      | Reached XP level 5. HP: 36/45 MP: 4/4
  1880 | D:3      | Noticed Jessica
  1885 | D:3      | Killed Jessica
  1885 | D:3      | Reached skill level 7 in Unarmed Combat
  2221 | D:3      | Found a hazy altar of Hepliaklqana.
  2364 | D:3      | Found a runed door.
  2477 | D:3      | Noticed Crazy Yiuf
  2485 | D:3      | Killed Crazy Yiuf
  2604 | D:4      | Noticed Robin
  2622 | D:4      | Slain by Robin

Vault maps used:
D:1:      eino_arrival_water_star
D:2:      okawaru_gym_becter, grunt_qazlal_sundering
D:3:      kennysheep_the_goblin_king, marbit_many_paths, minmay_surrounded,
          uniq_jessica, uniq_crazy_yiuf_cottage
D:4:      gup_ossuary_entry_pyramid, uniq_natasha, uniq_robin

Skill      XL: |  1  2  3  4  5 |
---------------+----------------+-----
Unarmed Combat | 6 7 |  7.2
Fighting       | 2 3 |  3.4
Armour         | 2 3 |  3.7
Bows           | |  1.1
Stealth        | |  1.0
Shields        | |  1.2

Action                   |  1- 3 |  4- 6 || total
-------------------------+-------+-------++-------
Melee: Unarmed           |    91 |   108 ||   199
       Headbutt          |    11 |    14 ||    25
       Punch             |     2 |     2 ||     4
  Use: Potion            |       |     1 ||     1
 Stab: Sleeping          |       |     1 ||     1
  Eat: Chunk             |       |     5 ||     5
Armor: Robe              |    24 |    11 ||    35
       Leather armour    |       |    13 ||    13
Dodge: Dodged            |    47 |    37 ||    84
